 Dungeon Crawl Stone Soup version 0.31-a0-355-g57cb03d3e8 (webtiles) character file.

Game seed: 9778823397763269060

587 randomguy2701 the Chopper (level 7, -6/61 HPs)
             Began as a Hill Orc Fighter on July 24, 2023.
             Mangled by Duvessa
             ... wielding a +1 rapier of speed
              (7 damage)
             ... on level 5 of the Dungeon.
             The game lasted 00:05:42 (4141 turns).

randomguy2701 the Chopper (Hill Orc Fighter)        Turns: 4141, Time: 00:05:43

Health: -6/61      AC:  8    Str: 21    XL:     7   Next: 38%
Magic:  7/7        EV:  8    Int:  8    God:
Gold:   210        SH:  8    Dex: 10    Spells: 6/6 levels left

rFire   . . .        a - +0 war axe
rCold   . . .        h - +0 kite shield
rNeg    . . .        b - +0 scale mail
rPois   .            (no helmet)
rElec   .            (no cloak)
rCorr   .            m - +0 pair of gloves
SInv    .            (no boots)
Will    .....        (no amulet) Stlth
                     (no ring)
HPRegen 0.30/turn    (no ring)
MPRegen 0.10/turn

%: no passive effects
@: no status effects
A: no striking features
a: no special abilities


You were on level 5 of the Dungeon.
You visited 1 branch of the dungeon, and saw 5 of its levels.

You collected 210 gold pieces.

Inventory:

Hand Weapons
 a - a +0 war axe (weapon)
Armour
 b - a +0 scale mail (worn)
 c - a +0 buckler
 h - a +0 kite shield (worn)
 m - a +0 pair of gloves (worn)
Jewellery
 i - a ring of flight
 s - a +6 ring of strength
Wands
 n - a wand of flame (19)
 r - a wand of polymorph (6)
Scrolls
 g - a scroll of revelation {unknown}
 j - 6 scrolls of identify {unknown}
 l - 2 scrolls of amnesia {unknown}
 o - a scroll of vulnerability {unknown}
 p - a scroll of enchant armour {unknown}
 q - a scroll of teleportation {unknown}
 v - a scroll of fear {unknown}
Potions
 d - 3 potions of might
 e - 2 potions of degeneration {unknown}
 f - a potion of curing {unknown}
 k - 2 potions of brilliance {unknown}
 t - 2 potions of mutation {unknown}
 u - a potion of resistance {unknown}


   Skills:
 + Level 5.4 Fighting
 + Level 6.3 Axes
 + Level 5.3 Armour
 + Level 0.6 Dodging
 + Level 0.1 Stealth
 + Level 4.9 Shields


You had 6 spell levels left.
You didn't know any spells.
Your spell library contained the following spells:

 Spells                   Type           Power      Damage    Failure   Level
 Cigotuvi's Dreadful Rot  Necr/Pois/Air  0%         N/A       98%         2
 Ensorcelled Hibernation  Hex/Ice        0%         N/A       98%         2
 Ignite Poison            Fire/Tmut/Pois 0%         N/A       100%        3
 Stone Arrow              Conj/Erth      0%         3d7       100%        3
 Anguish                  Hex/Necr       0%         N/A       100%        4
 Animate Armour           Summ/Erth      0%         N/A       100%        4
 Freezing Cloud           Conj/Ice/Air   0%         6-21      100%        5
 Lehudib's Crystal Spear  Conj/Erth      0%         10d2      100%        8


Dungeon Overview and Level Annotations

Branches:
Dungeon (5/15)
 Temple: D:4-7

Altars:
Gozag
Vehumet

Annotations:
D:3 Natasha
D:5 Dowan, Duvessa


Message History

You closely miss Duvessa.
Duvessa is heavily wounded.
Duvessa hits you with a +1 rapier of speed.
You block Duvessa's attack.
You hit Duvessa.
Duvessa is heavily wounded.
Duvessa closely misses you. Duvessa barely misses you.
You hit Duvessa but do no damage.
Duvessa is heavily wounded.
Duvessa closely misses you. You block Duvessa's attack.
You barely miss Duvessa.
Duvessa is heavily wounded.
Duvessa closely misses you.
Duvessa hits you with a +1 rapier of speed.
You barely miss Duvessa.
Duvessa is heavily wounded.
Duvessa hits you with a +1 rapier of speed!
Duvessa closely misses you.
You hit Duvessa but do no damage.
Duvessa is heavily wounded.
You block Duvessa's attack.
Duvessa hits you with a +1 rapier of speed!
You barely miss Duvessa.
Duvessa is heavily wounded.
Duvessa hits you but does no damage.
Duvessa hits you with a +1 rapier of speed!
You slash Duvessa!
Duvessa is almost dead.
Duvessa hits you with a +1 rapier of speed.
Duvessa hits you with a +1 rapier of speed!
* * * LOW HITPOINT WARNING * * *
You closely miss Duvessa.
Duvessa is almost dead.
Duvessa hits you with a +1 rapier of speed.
* * * LOW HITPOINT WARNING * * *
Duvessa hits you with a +1 rapier of speed!
* * * LOW HITPOINT WARNING * * *
You can't go down here!
Duvessa hits you with a +1 rapier of speed!
You die...

#.# ########### #.#
#5e@......#
#.########e#######.#
#.##..l.....#
#.##g#####..# #.##)#
#..# #####.##l##
#..# .......gg.#
#..# #####.##l.#
#..# #.##ho# #..#


You could see Duvessa, Dowan and a white imp.

Vanquished Creatures
  A jelly (D:5)
  2 hounds
  2 gnoll boudas
  2 orc wizards
  Ijyb (D:3)
  4 iguanas (D:5)
  Robin (D:3)
  9 gnolls
  6 adders
  A shadow imp (D:3)
  A worm (D:2)
  A dart slug (D:1)
  12 orcs
  8 endoplasms
  13 goblins
  9 hobgoblins
  3 jackals (D:1)
  2 kobolds (D:1)
  3 quokkas
  7 ball pythons
  2 bats
  4 frilled lizards
  4 rats
98 creatures vanquished.

Notes
Turn   | Place    | Note
-------+----------+-------------------------------------------
     0 | D:1      | randomguy2701 the Hill Orc Fighter began the quest for the
                  | Orb.
     0 | D:1      | Reached XP level 1. HP: 19/19 MP: 1/1
     3 | D:1      | Noticed an electric eel
     6 | D:1      | Noticed an electric eel
   155 | D:1      | Reached XP level 2. HP: 26/27 MP: 2/2
   226 | D:1      | Reached skill level 3 in Axes
   421 | D:1      | Reached XP level 3. HP: 33/33 MP: 3/3
   879 | D:2      | Reached XP level 4. HP: 34/41 MP: 4/4
  1188 | D:2      | Identified the +7 dagger "Yssa" {distort, MP+9 Stlth+}
  1515 | D:2      | Reached skill level 4 in Axes
  1727 | D:3      | Noticed Ijyb
  1741 | D:3      | Killed Ijyb
  1897 | D:3      | Reached XP level 5. HP: 47/47 MP: 5/5
  1930 | D:3      | Found an opulent altar of Gozag.
  1951 | D:3      | Noticed Robin
  1973 | D:3      | Killed Robin
  2214 | D:3      | Reached skill level 5 in Axes
  2362 | D:3      | Identified the +0 leather armour of Contentment {rPois
                  | Str+5 Int+3 Stlth-}
  2501 | D:3      | Noticed Natasha
  2501 | D:3      | Noticed a phantom
  2607 | D:4      | Reached XP level 6. HP: 51/55 MP: 6/6
  2810 | D:4      | Found a radiant altar of Vehumet.
  3132 | D:5      | Entered Level 5 of the Dungeon
  3319 | D:5      | Reached skill level 5 in Fighting
  3319 | D:5      | Reached skill level 6 in Axes
  3517 | D:4      | Reached XP level 7. HP: 26/61 MP: 7/7
  3641 | D:5      | Reached skill level 5 in Armour
  3886 | D:5      | Noticed Duvessa
  4033 | D:5      | Noticed Dowan
  4140 | D:5      | HP: 1/61 [Duvessa/+1 rapier of speed (8)]
  4141 | D:5      | Mangled by Duvessa

Illustrated notes

Levels and vault maps discovered:
D:1:      arrival_aquarium_b, layout_loops_ring, serial_bayou_pond_e
D:2:      layout_basic
D:3:      layout_basic, grunt_gozag_statues, uniq_natasha, uniq_ijyb, uniq_robin
D:4:      layout_loops_ring, mainiacjoe_overflow_brackets
D:5:      layout_loops_ring, serial_shops, shop, minmay_misc_feat_ornament,
          minmay_mini_ossuary, uniq_duvessa

Skill      XL: |  1  2  3  4  5  6  7 |
---------------+----------------------+-----
Fighting       | 4 5 |  5.4
Axes           | 3 4 5 6 |  6.3
Shields        | 4 |  4.9
Armour         | 4 5 |  5.3
Dodging        | |  0.6
Stealth        | |  0.1

Action                     |  1- 3 |  4- 6 |  7- 9 || total
---------------------------+-------+-------+-------++-------
  Melee: War axe           |    69 |   188 |    75 ||   332
 Armour: Scale mail        |    31 |    94 |    27 ||   152
  Dodge: Dodged            |    31 |    66 |    38 ||   135
  Block: Buckler           |     6 |       |       ||     6
         Kite shield       |    10 |   102 |    47 ||   159

Table legend: (Time is in decaauts)
 A = Elapsed time spent in this place.
 B = Non-inter-level travel time spent in this place.
 C = Inter-level travel time spent in this place.
 D = Time resting spent in this place.
 E = Time spent auto-exploring this place.
 F = Levels seen in this place.
 G = Mean time per level.
                   A        B        C        D        E       F      G
               +--------+--------+--------+--------+--------+-----+--------+
         Total |   4269 |   4120 |    149 |    661 |   2692 |   5 |  853.8 |
       Dungeon |   4269 |   4120 |    149 |    661 |   2692 |   5 |  853.8 |
               +--------+--------+--------+--------+--------+-----+--------+

Top non-repeatable levels by time:
     D:4: 1301 daAuts
     D:2: 1036 daAuts
     D:3: 833 daAuts
     D:1: 727 daAuts
     D:5: 370 daAuts
